 Dungeon Crawl Stone Soup version 0.30-a0-377-g5cb311bc9f (webtiles) character file.

Game seed: 11796547919806469968

79 MackTheKnife the Chopper (level 4, 0/38 HPs)
             Began as a Meteoran Fighter on Nov 29, 2022.
             Slain by a gnoll
             ... wielding a +0 spear
              (1 damage)
             ... on level 3 of the Dungeon.
             The game lasted 00:02:20 (861 turns).

MackTheKnife the Chopper (Meteoran Fighter)          Turns: 861, Time: 00:02:20

Health: 0/38       AC:  6    Str: 19    XL:     4   Next: 96%
Magic:  5/5        EV:  9    Int:  9    God:
Gold:   66         SH:  5    Dex: 14    Spells: 3/3 levels left

rFire   . . .      SeeInvis .    a - +0 war axe {axe}
rCold   . . .      Faith    .    c - +0 buckler
rNeg    . . .      Spirit   .    b - +0 scale mail
rPois   .          Reflect  .    (no helmet)
rElec   .          Harm     .    (no cloak)
rCorr   .          Rampage  .    (no gloves)
Will    .....                    (no boots)
Stlth   ..........               (no amulet)
HPRegen 0.26/turn                (no ring)
MPRegen 0.09/turn                (no ring)

@: mighty, glowing
A: sense surroundings 1, otherworldly, glowing, explore regen
a: no special abilities


You were on level 3 of the Dungeon.
You visited 1 branch of the dungeon, and saw 3 of its levels.

You collected 94 gold pieces.
You spent 28 gold pieces at shops.


Innate Abilities, Weirdness & Mutations

You passively map a small area around you.
You are easily found by Zot.
You glow in the dark.
You regain HP and MP as you explore.


   Skills:
 - Level 3.2 Fighting
 + Level 5.4 Axes
 - Level 3.6 Armour
 - Level 3.6 Shields


You had 3 spell levels left.
You didn't know any spells.
Your spell library contained the following spells:

 Spells                   Type           Power      Damage    Failure   Level
 Call Canine Familiar     Summ           0%         N/A       99%         3
 Portal Projectile        Hex/Tloc       0%         N/A       99%         3
 Leda's Liquefaction      Hex/Erth       0%         N/A       100%        4

Inventory:

Hand Weapons
 a - a +0 war axe (weapon) {axe}
 m - a +0 dagger of speed {short}
   (You took it off a goblin on level 2 of the Dungeon)
Missiles
 i - 3 stones (quivered) {throwing}
Armour
 b - a +0 scale mail (worn)
 c - a +0 buckler (worn)
 g - a +0 leather armour
   (You found it on level 1 of the Dungeon)
 k - a +0 ring mail
   (You found it on level 2 of the Dungeon)
 n - a +0 plate armour
   (You found it on level 2 of the Dungeon)
 p - a +0 leather armour
   (You took it off an orc on level 3 of the Dungeon)
Jewellery
 j - a ring of ice
   (You found it on level 1 of the Dungeon)
Scrolls
 h - 2 scrolls of teleportation {unknown}
Potions
 e - a potion of haste {@q3}
 f - 3 potions of curing {@q1}
 l - a potion of invisibility {unknown}
 o - a potion of degeneration {unknown}

Dungeon Overview and Level Annotations

Branches:
Dungeon (3/15) Zot: 893

Altars:
Elyvilon
Sif Muna

Shops:
D:2

? ########'## ##
#.........# , , ,..#
#.........# * #.#
#.........## #.#
########.... #.# ##### #.#
#
*#######.#################
.......g@................
*
########)##.##############
.... ,*#g##..., .......
..... #g#######* #######
.....g##w.....$# .. , ,
....gg'..#####.# * * ###
,......##.....# # , .....
####w...* # .... ... * #


You could see a worm and 3 gnolls.


Message History

No target in view!
p - a +0 leather armour
Items here: ( ))).
You open the door.
Found a shimmering blue altar of Sif Muna. 😎 HP[+4]
Your hp is fully restored (38).
There is an open door here.
There is an open door here.
Items here: ( ))).
You hear the slow rusting of a very distant drain.
A frilled lizard comes into view.
Found a stone staircase leading down.
The frilled lizard hisses angrily.
The frilled lizard bites you but does no damage.
You hit the frilled lizard.
You kill the frilled lizard!
No target in view!
No target in view!
No target in view!
No target in view!
You now have 66 gold pieces (gained 18).
There is a stone staircase leading down here.
You see here a frilled lizard corpse.
You open the door.
There is an open door here.
You hear the slow rusting of a very distant drain.
There is an open door here.
A worm comes into view.
You open the door. 4 gnolls and a giant cockroach come into view.
The gnoll shouts! x3; You hear an angry hiss.
An adder comes into view.
You closely miss the adder. You block the adder's attack.
The gnoll hits you from afar with a +0 spear.
The adder bites you. 😕 HP[-7]
You take 7 damage, and now have 31/38 hp.
The adder attacks as you move away! The adder barely misses you.
The giant cockroach waves its antennae.
The adder attacks as you move away! The adder barely misses you. 😕 HP[+1]
You closely miss the adder. The adder closely misses you.
The adder bites you but does no damage.
You hit the adder but do no damage. The adder barely misses you.
The adder bites you.
You miss the adder.
You hear the slow rusting of a very distant drain.
The adder bites you. The gnoll hits you but does no damage.
The adder bites you. 😕 HP[-2]
You take 2 damage, and now have 30/38 hp.
You miss the adder. The gnoll barely misses you.
The adder completely misses you. You block the gnoll's attack.
Unknown command.
You barely miss the adder. The adder bites you but does no damage.
The gnoll hits you but does no damage. The adder barely misses you.
You hit the adder. You block the adder's attack.
The gnoll hits you from afar with a +0 spear.
You hit the adder. The adder bites you but does no damage.
The gnoll hits you from afar with a +0 spear!
The adder closely misses you. 😮 HP[-7]
You take 7 damage, and now have 23/38 hp.
You slash the adder!
You kill the adder!
The gnoll hits you but does no damage. The gnoll barely misses you.
You hit the giant cockroach. The giant cockroach barely misses you.
The giant cockroach bites you but does no damage.
The gnoll hits you from afar with a +0 spear.
The gnoll closely misses you. 😮 HP[-2]
You take 2 damage, and now have 21/38 hp.
You slash the giant cockroach!
You kill the giant cockroach!
The gnoll hits you from afar with a +0 spear.
You block the gnoll's attack. 😮 HP[-1]
You take 1 damage, and now have 20/38 hp.
Sorry, you're not good enough to have a special ability.
Unknown command. 😮 HP[+1]
You feel very mighty all of a sudden. The gnoll barely misses you.
You closely miss the gnoll. You slash the gnoll!
The gnoll hits you with a +0 spear.
* * * LOW HITPOINT WARNING * * *
The gnoll hits you with a +0 whip.
* * * LOW HITPOINT WARNING * * *
The gnoll hits you from afar with a +0 halberd!
* * * LOW HITPOINT WARNING * * *
😱 HP[-14]
You take 14 damage, and now have 7/38 hp.
MASSIVE DAMAGE!! (PAUSE)
You closely miss the gnoll. You slash the gnoll!
You kill the gnoll!
The gnoll hits you with a +0 spear.
* * * LOW HITPOINT WARNING * * *
The gnoll hits you but does no damage. The gnoll hits you with a +0 spear.
You die...

Skill      XL: |  1  2  3  4 |
---------------+-------------+-----
Axes           | 3 4 5 |  5.4
Fighting       | |  3.2
Armour         | |  3.6
Shields        | |  3.6

Action                   |  1- 3 |  4- 6 || total
-------------------------+-------+-------++-------
Melee: War axe           |    60 |    69 ||   129
  Use: Scroll            |       |     2 ||     2
       Potion            |       |     1 ||     1
Armor: Scale mail        |    24 |    41 ||    65
Dodge: Dodged            |    18 |    28 ||    46
Block: Buckler           |     9 |    17 ||    26

Levels and vault maps discovered:
D:1:      roderic_chinese_lattice_arrival, layout_basic, minmay_lizard_pond
D:2:      kennysheep_the_goblin_king, layout_loops_ring, serial_bayou,
          serial_bayou_pond_d, serial_bayou_shore_b, serial_bayou_shore_b,
          serial_bayou_lake_a, serial_shops, nicolae_diamond_shop, basic_altar,
          skrybe_limestone_x
D:3:      layout_basic, nicolae_sif_muna_little_library, portal_sewer_entry_e,
          corexii_corridor_pit, kennysheep_orc_chapel

Notes
Turn   | Place    | Note
-------+----------+-------------------------------------------
     0 | D:1      | MackTheKnife the Meteoran Fighter began the quest for the
                  | Orb.
     0 | D:1      | Reached XP level 1. HP: 19/19 MP: 2/2
     0 | D:1      | magus.rc [v1.9.6]
    34 | D:1      | Reached skill level 3 in Axes
    34 | D:1      | Reached XP level 2. HP: 26/26 MP: 3/3
   370 | D:1      | Reached XP level 3. HP: 31/31 MP: 4/4
   372 | D:1      | Reached skill level 4 in Axes
   440 | D:1      | You pick up a book of the Hunter and begin reading...
   440 | D:1      | You add the spells Call Canine Familiar, Portal Projectile
                  | and Leda's Liquefaction to your library.
   481 | D:1      | Glimpsed the power of Zot.
   503 | D:2      | Reached XP level 4. HP: 38/38 MP: 5/5
   595 | D:2      | Reached skill level 5 in Axes
   599 | D:2      | Found Paorrow's Magic Scroll Shop.
   605 | D:2      | Bought a scroll of identify for 28 gold pieces
   606 | D:2      | Found a white marble altar of Elyvilon.
   732 | D:3      | Found a shimmering blue altar of Sif Muna.
   860 | D:3      | HP: 7/38 [gnoll/+0 halberd (10)]
   861 | D:3      | HP: 1/38 [gnoll/+0 spear (6)]
   861 | D:3      | Slain by a gnoll

Vanquished Creatures
  A gnoll (D:3)
  2 adders
  2 dart slugs (D:1)
  3 orcs (D:3)
  5 endoplasms
  A giant cockroach (D:3)
  4 goblins
  5 hobgoblins
  7 jackals
  A kobold (D:1)
  2 quokkas (D:1)
  A ball python (D:2)
  2 bats (D:2)
  15 frilled lizards
  A rat (D:1)
52 creatures vanquished.

Vanquished Creatures (others)
  8 plants (D:2)
8 creatures vanquished.

Grand Total: 60 creatures vanquished

Table legend:
 A = Non-vault XP
 B = Vault XP
 C = Vault XP percentage of total XP
 D = Non-vault monster count
 E = Vault monster count
 F = Vault count percentage of total count
                 A         B        C        D         E       F
            +---------+---------+-------+---------+---------+-------
      Total |     117 |      12 |   9.3 |      40 |      12 |  23.1
            +---------+---------+-------+---------+---------+-------
        D:1 |      35 |      12 |  25.5 |      16 |      12 |  42.9
        D:2 |      41 |       0 |   0.0 |      17 |       0 |   0.0
        D:3 |      41 |       0 |   0.0 |       7 |       0 |   0.0
            +---------+---------+-------+---------+---------+-------

Illustrated notes

Table legend:
 A = Kills in this place as a percentage of kills in entire the game.
 B = Kills by you in this place as a percentage of kills by you in the entire game.
 C = Kills by friends in this place as a percentage of kills by friends in the entire game.
 D = Other kills in this place as a percentage of other kills in the entire game.
 E = Experience gained in this place as a percentage of experience gained in the entire game.
 F = Experience gained in this place divided by the number of levels of this place that you have seen.
                   A       B       C       D       E      F
               +-------+-------+-------+-------+-------+----------------------
         Total | 100.0 | 100.0 |   N/A |   N/A | 100.0 |  43.0
       Dungeon | 100.0 | 100.0 |   N/A |   N/A | 100.0 |  43.0
               +-------+-------+-------+-------+-------+----------------------

Table legend: (Time is in decaauts)
 A = Elapsed time spent in this place.
 B = Non-inter-level travel time spent in this place.
 C = Inter-level travel time spent in this place.
 D = Time resting spent in this place.
 E = Time spent auto-exploring this place.
 F = Levels seen in this place.
 G = Mean time per level.
                   A        B        C        D        E       F      G
               +--------+--------+--------+--------+--------+-----+--------+
         Total |    905 |    869 |     36 |      0 |    389 |   3 |  301.7 |
       Dungeon |    905 |    869 |     36 |      0 |    389 |   3 |  301.7 |
               +--------+--------+--------+--------+--------+-----+--------+

Top non-repeatable levels by time:
     D:1: 513 daAuts
     D:2: 224 daAuts
     D:3: 167 daAuts
